 Dungeon Crawl Stone Soup version 0.31.0-32-g396128a36d (webtiles) character file.

Game seed: 18040840241951136304

36 YCDTOTVFAN the Apothecary (level 3, -3/17 HPs)
             Began as a Felid Alchemist on Mar 10, 2024.
             Was a Plaything of Xom.
             Killed from afar by an orc wizard (5 damage)
             ... with a magic dart
             ... on level 3 of the Dungeon.
             The game lasted 00:04:12 (783 turns).

YCDTOTVFAN the Apothecary (Felid Alchemist)          Turns: 783, Time: 00:04:13

Health: -3/17      AC:  1    Str:  6    XL:     3   Next: 19%
Magic:  7/7        EV: 17    Int: 18    God:    Xom [..*...]
Gold:   42         SH:  0    Dex: 16    Spells: 0/6 levels left
                                        Lives:  0   Deaths: 1

rFire   . . .        (weapon unavailable)
rCold   . . .        (shield unavailable)
rNeg    . . .        (body armour unavailable)
rPois   .            (helmet unavailable)
rElec   .            (cloak unavailable)
rCorr   .            (gloves unavailable)
SInv    +            (boots unavailable)
Will    .....        (no amulet)
Stlth   ++           (no ring)
HPRegen 0.22/turn    (no ring)
MPRegen 0.10/turn

%: no passive effects
@: invisible
A: very small, claws 1, fangs 3, see invisible, shaggy fur 1, stealthy paws, no
weapons or thrown items, no armour, multi-lived
a: Renounce Religion


You were on level 3 of the Dungeon.
You worshipped Xom.
You were a toy of Xom.
You visited 1 branch of the dungeon, and saw 3 of its levels.

You collected 42 gold pieces.

You aren't carrying anything.


   Skills:
 * Level 0.3 Fighting
 * Level 3.0 Dodging
 * Level 2.9 Stealth
 * Level 0.9 Unarmed Combat
 * Level 2.4 Spellcasting
 * Level 1.0 Conjurations
 * Level 3.1 Alchemy


You couldn't memorise any spells.
You knew the following spells:

 Your Spells              Type           Power      Damage    Failure   Level
a - Sting                 Conj/Alch      36%        1d5       8%          1
b - Mercury Vapours       Alch/Air       14%        N/A       14%         2
c - Mephitic Cloud        Conj/Alch/Air  7%         N/A       28%         3

Your spell library contained the following spells:

 Spells                   Type           Power      Damage    Failure   Level
 Olgreb's Toxic Radiance  Alch           13%        N/A       43%         4
 Sticky Flame             Fire/Alch      7%         2d4       65%         4


Dungeon Overview and Level Annotations

Branches:
Dungeon (3/15)

Altars:
Makhleb
Xom
Yredelemnul
Zin

Shops:
D:2 [

Annotations:
D:2 Robin


Innate Abilities, Weirdness & Mutations

You have sharp claws.
You have razor-sharp teeth.
You have supernaturally acute eyesight. (SInv)
You are covered in fur. (AC +1)
Your paws help you pounce on unaware monsters.
You are incapable of wielding weapons or throwing items.
You cannot wear armour.
You gain extra lives every three experience levels.


Message History

An orc comes into view. It is wielding a +0 flail.
An orc comes into view.
It is wielding a +2 dagger of protection.
An orc wizard comes into view. It is wielding a +0 dagger.
Found a bubbling coppery potion.
You see here a +0 robe.
Found a ring mail.
Found an escape hatch in the ceiling.
There is an escape hatch in the ceiling here.
The orc wizard shouts!
The orc wizard gestures at you while chanting.
You are confused. "Go forth and cause havoc, mortal!"
You fade into invisibility!
The orc wizard gestures at something while chanting.
The puff of flame misses you.
You bump into the rock wall.
You bump into the crystal wall.
The orc wizard points at you and mumbles some strange words.
The magic dart hits you!
You bump into the rock wall.
You bump into the rock wall.
You scratch the orc wizard.
The orc wizard is moderately wounded.
You feel less confused.
The orc wizard points at you and mumbles some strange words.
The puff of flame misses you.
You scratch the orc wizard.
You bite the orc wizard, but do no damage.
The orc wizard is heavily wounded.
The orc wizard gestures at you while chanting.
The magic dart hits you!
* * * LOW HITPOINT WARNING * * *
You emit a cloud of colourful smoke!
It was a potion of invisibility.
You fade further into invisibility.
Xom thinks this is hilarious!
The orc wizard completely misses you. The orc wizard casts a spell at you.
The magic dart hits you.
You die...

### #.. #.# ## #.#
.. #.# !# #.#
.###. .
#.##.##....#####
###......^_...oo☼#
.....###....##o#@#
....## . .###.#.##
.##..# #.##.##
.##### .. ##.#
[####### #######.#
.......# #.......#
.#######
....#.#..# .# ##
#...#.# #########
#.#..##.#


You could see an orc wizard (unable to see you) and an orc (unable to see you).

Vanquished Creatures
  A ribbon worm (D:2)
  A dart slug (D:3)
  A ball python (D:3)
  3 bats
  2 endoplasms
  11 goblins
  3 hobgoblins
  A quokka (D:1)
  2 frilled lizards
  2 rats (D:1)
27 creatures vanquished.

Notes
Turn   | Place    | Note
-------+----------+-------------------------------------------
     0 | D:1      | YCDTOTVFAN the Felid Alchemist began the quest for the Orb.
     0 | D:1      | Reached XP level 1. HP: 9/9 MP: 4/4
   221 | D:1      | Reached skill level 1 in Conjurations
   221 | D:1      | Reached XP level 2. HP: 13/13 MP: 4/6
   224 | D:1      | Learned a level 2 spell: Mercury Vapours
   367 | D:2      | Found Viysuso's Antique Armour Shoppe.
   379 | D:2      | Noticed Robin
   394 | D:2      | Slain by a goblin
   394 | D:2      | Lost a life (0 lives remaining)
   461 | D:2      | Reached XP level 3. HP: 9/17 MP: 1/7
   476 | D:2      | Learned a level 3 spell: Mephitic Cloud
   564 | D:3      | Found a shimmering altar of Xom.
   564 | D:3      | Found a glowing silver altar of Zin.
   564 | D:3      | Found a burning altar of Makhleb.
   636 | D:3      | Became a worshipper of Xom the Tricky
   694 | D:3      | Found a basalt altar of Yredelemnul.
   775 | D:3      | XOM: potion effect (invisibility)
   781 | D:3      | XOM: smoke on damage
   783 | D:3      | Killed from afar by an orc wizard

Illustrated notes

Levels and vault maps discovered:
D:1:      dpeg_arrival_circle_labyrinth_a, layout_basic
D:2:      layout_loops_corners, serial_shops, nicolae_shop_gibbet_a_chance,
          nicolae_shop_rolling_square, shop, shop, minmay_3d_cube, uniq_jessica,
          uniq_robin, uniq_natasha
D:3:      layout_loops_cross, nicolae_hepliaklqana_hippocampus,
          nicolae_overflow_crystal_walls, gammafunk_temple_overflow_claw,
          guppyfry_early_orc_mine

Skill      XL: |  1  2  3 |
---------------+----------+-----
Alchemy        | 3 |  3.1
Conjurations   | 1 |  1.0
Dodging        | 3 |  3.0
Fighting       | |  0.3
Stealth        | |  2.9
Unarmed Combat | |  0.9
Spellcasting   | |  2.4

Action                     || total
---------------------------++-------
  Melee: Unarmed           ||    39
         Bite              ||     6
         Punch             ||     1
   Cast: Sting             ||    29
         Mercury Vapours   ||     2
    Use: Potion            ||     3
   Stab: Sleeping          ||     1
 Armour: Skin              ||    31
  Dodge: Dodged            ||    55
